Influenza vs Demolitions
Created - December 18, 2017 at 19:16
Goals
|
Influenza |
2 |
2 |
0 |
4 |
Demolitions |
0 |
0 |
1 |
1 |
|
Shots
|
Influenza |
14 |
12 |
12 |
38 |
Demolitions |
9 |
9 |
8 |
26 |
|
1st period
1. Influenza , Jacob Josefson 1 (Lane MacDermid 6, Oskars Bartulis 4) at 13:06
2. Influenza , Mathieu Carle 9 (Iiro Pakarinen 5, T.J Galiardi 23) at 15:00
Penalties :
No Penalty
2nd period
3. Influenza , Jeremy Morin 18 (Alex Killorn 4, Mark Scheifele 21) at 10:57
4. Influenza , Alex Killorn 3 (Mark Scheifele 22, Jeremy Morin 13) at 15:46 (PP)
Penalties :
Iiro Pakarinen (VJB) for Roughing (Minor) at 3:20, Corban Knight (Vic) for Hooking (Minor) at 15:35, Matt Corrente (VJB) for Tripping (Minor) at 16:46
3rd period
5. Demolitions , Nicolas Blanchard 8 (Bobby Butler 8, Brendon Nash 10) at 3:40
Penalties :
Frazer Mclaren (Vic) for Holding (Minor) at 7:01
Goalie Stats
Tyson Sexsmith (VJB), 25 saves from 26 shots - (0.962), W, 3-2-0, 60:00 minutes
Olivier Roy (Vic), 34 saves from 38 shots - (0.895), L, 2-5-2, 60:00 minutes
Players Stats for Influenza
Player Name G A P +/- PIM S H SB GA TA FO MP PP MP PK MP
------------------------------------------------------------------------------------
Alex Killorn 1 1 2 0 0 5 4 1 2 0 2/2 19:13 1:07 1:19
Beau Bennett 0 0 0 0 0 0 0 0 1 0 1/1 16:40 1:03 0:00
Dmitry Sinitsyn 0 0 0 -1 0 0 0 4 0 1 0/0 18:47 0:00 0:09
Iiro Pakarinen 0 1 1 1 2 0 3 0 0 0 0/0 12:32 0:00 0:00
Jacob Josefson 1 0 1 1 0 3 0 1 0 0 1/4 9:26 0:00 0:42
Jeremy Morin 1 1 2 0 0 2 2 0 0 1 1/2 20:29 1:07 2:00
Jimmy Vesey 0 0 0 0 0 3 2 0 2 0 0/0 15:37 0:00 0:00
Jordan Schroeder 0 0 0 1 0 1 0 0 1 0 1/4 11:58 0:00 0:00
Josh Andrerson 0 0 0 1 0 1 2 0 0 0 0/0 8:44 0:00 0:00
Lane MacDermid 0 1 1 1 0 1 1 1 0 0 0/1 10:08 0:00 1:13
Mark Olver 0 0 0 0 0 1 4 0 1 0 2/6 17:25 1:03 0:45
Mark Scheifele 0 2 2 0 0 4 2 0 1 0 12/27 20:37 1:07 1:57
Mathieu Carle 1 0 1 2 0 4 1 1 0 0 0/0 23:21 0:59 2:03
Matt Corrente 0 0 0 -1 2 2 3 1 0 0 0/0 23:41 0:59 0:57
Oskars Bartulis 0 1 1 1 0 2 1 0 0 1 0/0 14:03 1:11 0:29
Paul Ladue 0 0 0 2 0 3 1 5 0 0 0/0 24:44 0:00 2:07
T.J Galiardi 0 1 1 1 0 5 1 0 0 0 0/0 13:01 1:03 0:00
Tim Erixon 0 0 0 1 0 1 1 0 0 0 0/0 15:34 1:11 2:11
Players Stats for Demolitions
Player Name G A P +/- PIM S H SB GA TA FO MP PP MP PK MP
------------------------------------------------------------------------------------
Alex Hutchings 0 0 0 0 0 0 0 0 0 0 0/0 1:01 0:00 0:46
Andrew Campbell 0 0 0 -1 0 1 0 1 0 0 0/0 19:03 1:40 0:47
Billy Sweat 0 0 0 0 0 0 0 1 0 0 0/0 8:23 0:03 0:00
Bobby Butler 0 1 1 -1 0 2 3 0 0 0 1/1 19:54 1:44 0:21
Brendon Nash 0 1 1 -1 0 3 2 0 1 3 0/0 28:41 2:18 1:23
Corban Knight 0 0 0 -1 2 1 0 0 0 1 1/3 8:15 0:00 0:33
Darren Helm 0 0 0 -1 0 1 0 2 0 0 16/25 24:17 2:14 0:59
Erik Condra 0 0 0 0 0 1 1 0 1 0 0/1 17:20 2:14 0:21
Frazer Mclaren 0 0 0 -2 2 1 1 1 0 0 1/2 23:22 1:41 0:00
Josh Beaulieu 0 0 0 0 0 0 0 0 0 0 0/0 3:09 0:03 0:18
Mike Sauer 0 0 0 -1 0 2 3 4 0 1 0/0 23:54 2:18 1:23
Mitchell Moroz 0 0 0 0 0 0 0 0 0 0 0/0 0:00 0:00 0:00
Nick Pryor 0 0 0 0 0 0 0 0 0 0 0/0 4:47 0:00 0:00
Nicolas Blanchard 1 0 1 -1 0 2 1 0 0 1 6/11 19:20 1:41 0:00
Robert Bortuzzo 0 0 0 0 0 1 1 1 0 0 0/0 12:16 0:00 0:00
Ryan Bayda 0 0 0 0 0 7 1 0 1 0 0/0 25:37 2:14 1:02
Ryan Olsen 0 0 0 0 0 0 0 0 0 0 0/0 0:00 0:00 0:00
Ryan Russell 0 0 0 0 0 3 1 0 0 0 0/0 13:35 0:00 0:00
Seth Helgeson 0 0 0 -1 0 1 1 1 0 1 0/0 19:03 1:40 0:47
Taylor Aronson 0 0 0 0 0 0 0 0 0 1 0/0 12:16 0:00 0:00
Thomas DiPauli 0 0 0 0 0 0 0 0 0 0 0/0 0:00 0:00 0:00
Vince Rocco 0 0 0 0 0 0 3 0 0 0 2/4 13:35 0:00 0:00
3 Stars
1 - Alex Killorn (VJB)
2 - Jeremy Morin (VJB)
3 - Mathieu Carle (VJB)
Power Play
Influenza - 1 on 2 Attempt(s) - 50.00%
Demolitions - 0 on 2 Attempt(s) - 0.00%
Penalty Kill
Influenza - 2 on 2 Attempt(s) - 100.00%
- Score 0 goal in Penalty Kill
Demolitions - 1 on 2 Attempt(s) - 50.00%
- Score 0 goal in Penalty Kill
Team Stat
Influenza - Hits : 28 - Faceoff Wins : 20 - Blocked Shots : 14 - Penalty Minutes : 4
Demolitions - Hits : 18 - Faceoff Wins : 27 - Blocked Shots : 11 - Penalty Minutes : 4
Official
Referees : Dwyer Gord and Joannette Marc
Linesman : Tony Sericolo and Jean Morin
Game Notes
7:52 of 1st period - Influenza goal is going for a video replay. After video review, No Goal. The goal has been scored and an ineligible player is on the ice.
Finance
Level 1 -- Attendance: 1495 (74.75%) -- Ticket Income $59,800
Level 2 -- Attendance: 776 (77.60%) -- Ticket Income $15,520
Total Attendance: 2271 (75.70%)
Total Ticket Income: $75,320
Other Income: $3,766
Total Income: $79,086
Influenza
5 vs 5 Forward
Center Left Wing Right Wing Time % Phy DF OF
1 Mark Scheifele Alex Killorn Jeremy Morin 40 1 2 2
2 Mark Olver Jimmy Vesey Beau Bennett 30 1 2 2
3 Jordan Schroeder T.J Galiardi Iiro Pakarinen 20 1 2 2
4 Jacob Josefson Lane MacDermid Josh Andrerson 10 1 2 2
5 vs 5 Defense
Defense Defense Time % Phy DF OF
1 Mathieu Carle Paul Ladue 40 1 2 2
2 Matt Corrente Dmitry Sinitsyn 30 1 2 2
3 Tim Erixon Oskars Bartulis 20 1 2 2
4 Paul Ladue Matt Corrente 10 1 2 2
PowerPlay Forward
Center Left Wing Right Wing Time % Phy DF OF
1 Mark Scheifele Alex Killorn Jeremy Morin 60 1 2 2
2 Mark Olver T.J Galiardi Beau Bennett 40 1 2 2
PowerPlay Defense
Defense Defense Time % Phy DF OF
1 Mathieu Carle Matt Corrente 60 1 2 2
2 Oskars Bartulis Tim Erixon 40 1 2 2
Penalty Kill 4 Players Forward
Center Wing Time % Phy DF OF
1 Mark Scheifele Jeremy Morin 60 1 2 2
2 Mark Olver Alex Killorn 40 1 2 2
Penalty Kill 4 Players Defense
Defense Defense Time % Phy DF OF
1 Mathieu Carle Matt Corrente 60 1 2 2
2 Paul Ladue Tim Erixon 40 1 2 2
Penalty Kill - 3 Players Forward
Forward Time % Phy DF OF
1 Mark Scheifele 60 1 2 2
2 Mark Olver 40 1 2 2
Penalty Kill - 3 Players Defense
Defense Defense Time % Phy DF OF
1 Mathieu Carle Matt Corrente 60 1 2 2
2 Paul Ladue Tim Erixon 40 1 2 2
4 vs 4 Forward
Center Wing Time % Phy DF OF
1 Mark Scheifele Alex Killorn 60 1 2 2
2 Mark Olver T.J Galiardi 40 1 2 2
4 vs 4 Defense
Defense Defense Time % Phy DF OF
1 Mathieu Carle Matt Corrente 60 1 2 2
2 Paul Ladue Tim Erixon 40 1 2 2
Last Minutes Offensive
Center Left Wing Right Wing Defense Defense
Mark Scheifele Alex Killorn Jeremy Morin Tim Erixon Matt Corrente
Last Minutes Defensive
Center Left Wing Right Wing Defense Defense
Mark Scheifele Alex Killorn Jeremy Morin Tim Erixon Matt Corrente
Goaltenders
Starting : Tyson Sexsmith
Backup : Thomas McCollum
Extra Forwards
Normal : Mark Scheifele, Beau Bennett, Alex Killorn - PP : Mark Scheifele, Beau Bennett - PK : Alex Killorn
Extra Defensemen
Normal : Dmitry Sinitsyn, Tim Erixon, Matt Corrente - PP : Dmitry Sinitsyn - PK : Tim Erixon, Matt Corrente
Penalty Shots
Mark Scheifele, Jeremy Morin, T.J Galiardi, Jordan Schroeder, Mark Olver
Scratches
Charlie Coyle (Left Eye Injury), Jamie Devane (Healthy), Joe Morrow (Healthy), Jeff May (Healthy), Johan Larsson (Healthy)
Fredric Larsson (Healthy), Tom Kuhnhackl (Healthy), Rocco Grimaldi (Healthy), Ryan Sproul (Healthy), Jesse Graham (Healthy)
Colton Sceviour (Healthy), Nikita Gusev (Healthy), Jamie Phillips (Healthy)
Demolitions
5 vs 5 Forward
Center Left Wing Right Wing Time % Phy DF OF
1 Darren Helm Ryan Bayda Erik Condra 40 1 2 2
2 Nicolas Blanchard Bobby Butler Frazer Mclaren 30 1 2 2
3 Corban Knight Frazer Mclaren Darren Helm 20 1 2 2
4 Vince Rocco Ryan Russell Ryan Bayda 10 1 2 2
5 vs 5 Defense
Defense Defense Time % Phy DF OF
1 Brendon Nash Mike Sauer 40 1 2 2
2 Seth Helgeson Andrew Campbell 30 1 2 2
3 Robert Bortuzzo Taylor Aronson 20 1 2 2
4 Nick Pryor Brendon Nash 10 1 2 2
PowerPlay Forward
Center Left Wing Right Wing Time % Phy DF OF
1 Darren Helm Ryan Bayda Erik Condra 60 1 2 2
2 Nicolas Blanchard Bobby Butler Frazer Mclaren 40 1 2 2
PowerPlay Defense
Defense Defense Time % Phy DF OF
1 Brendon Nash Mike Sauer 60 1 2 2
2 Seth Helgeson Andrew Campbell 40 1 2 2
Penalty Kill 4 Players Forward
Center Wing Time % Phy DF OF
1 Darren Helm Ryan Bayda 60 1 2 2
2 Bobby Butler Erik Condra 40 1 2 2
Penalty Kill 4 Players Defense
Defense Defense Time % Phy DF OF
1 Brendon Nash Mike Sauer 60 1 2 2
2 Seth Helgeson Andrew Campbell 40 1 2 2
Penalty Kill - 3 Players Forward
Forward Time % Phy DF OF
1 Darren Helm 60 1 2 2
2 Ryan Bayda 40 1 2 2
Penalty Kill - 3 Players Defense
Defense Defense Time % Phy DF OF
1 Brendon Nash Mike Sauer 60 1 2 2
2 Seth Helgeson Andrew Campbell 40 1 2 2
4 vs 4 Forward
Center Wing Time % Phy DF OF
1 Darren Helm Ryan Bayda 60 1 2 2
2 Bobby Butler Erik Condra 40 1 2 2
4 vs 4 Defense
Defense Defense Time % Phy DF OF
1 Brendon Nash Mike Sauer 60 1 2 2
2 Seth Helgeson Andrew Campbell 40 1 2 2
Last Minutes Offensive
Center Left Wing Right Wing Defense Defense
Darren Helm Ryan Bayda Erik Condra Brendon Nash Mike Sauer
Last Minutes Defensive
Center Left Wing Right Wing Defense Defense
Darren Helm Ryan Bayda Erik Condra Brendon Nash Mike Sauer
Goaltenders
Starting : Olivier Roy
Backup : Joe Cannata
Extra Forwards
Normal : Billy Sweat, Josh Beaulieu, Alex Hutchings - PP : Billy Sweat, Josh Beaulieu - PK : Alex Hutchings
Extra Defensemen
Normal : Robert Bortuzzo, Taylor Aronson, Nick Pryor - PP : Robert Bortuzzo - PK : Taylor Aronson, Nick Pryor
Penalty Shots
Darren Helm, Ryan Bayda, Bobby Butler, Erik Condra, Frazer Mclaren
Scratches
Jack Skille (Healthy), Martins Karsums (Healthy), Taylor Leier (Healthy), Brandon McMillan (Lower Body Injury), Jake Paterson (Healthy)
Jussi Rynnas (Healthy)
% Time on Ice - Influenza
Lines # - Real PCT - Wanted PCT - Time Play
Normal Forward
1 - 33% - 40% - 17:33
2 - 29% - 30% - 15:37
3 - 22% - 20% - 11:58
4 - 16% - 10% - 8:44
Normal Defense
1 - 38% - 40% - 20:30
2 - 34% - 30% - 18:30
3 - 23% - 20% - 12:09
4 - 5% - 10% - 2:43
PP Forward
1 - 52% - 60% - 1:07
2 - 48% - 40% - 1:03
PP Defense
1 - 45% - 60% - 0:59
2 - 55% - 40% - 1:11
PK Forward
1 - 81% - 60% - 3:13
2 - 19% - 40% - 0:45
PK Defense
1 - 71% - 60% - 2:49
2 - 29% - 40% - 1:09
PK3 Forward
1 - 0% - 60%
2 - 0% - 40%
PK3 Defense
1 - 0% - 60%
2 - 0% - 40%
44 Forward
1 - 0% - 60%
2 - 0% - 40%
44 Defense
1 - 0% - 60%
2 - 0% - 40%
Last Minute Offensive - 0:00
Last Minute Defensive - 0:00
Total
Forward - 60:00
Defense - 60:00
|
% Time on Ice - Demolitions
Lines # - Real PCT - Wanted PCT - Time Play
Normal Forward
1 - 27% - 40% - 14:45
2 - 33% - 30% - 17:49
3 - 14% - 20% - 7:43
4 - 25% - 10% - 13:35
Normal Defense
1 - 38% - 40% - 20:13
2 - 31% - 30% - 16:36
3 - 23% - 20% - 12:16
4 - 9% - 10% - 4:47
PP Forward
1 - 56% - 60% - 2:14
2 - 44% - 40% - 1:44
PP Defense
1 - 58% - 60% - 2:18
2 - 42% - 40% - 1:40
PK Forward
1 - 84% - 60% - 1:49
2 - 16% - 40% - 0:21
PK Defense
1 - 64% - 60% - 1:23
2 - 36% - 40% - 0:47
PK3 Forward
1 - 0% - 60%
2 - 0% - 40%
PK3 Defense
1 - 0% - 60%
2 - 0% - 40%
44 Forward
1 - 0% - 60%
2 - 0% - 40%
44 Defense
1 - 0% - 60%
2 - 0% - 40%
Last Minute Offensive - 0:00
Last Minute Defensive - 0:00
Total
Forward - 60:00
Defense - 60:00
|
Play by Play
1st period
0:01 of 1st period - Mark Scheifele wins face-off versus Darren Helm in neutral zone.
0:26 of 1st period - Jimmy Vesey is hit by Bobby Butler and loses puck.
0:35 of 1st period - Wrist shot by Jimmy Vesey.
0:35 of 1st period - Shot Hit the Post.
0:45 of 1st period - Matt Corrente is hit by Vince Rocco and loses puck.
1:10 of 1st period - Snap shot by Jacob Josefson.
1:10 of 1st period - Stopped by Olivier Roy without a rebound.
1:11 of 1st period - Nicolas Blanchard wins face-off versus Mark Scheifele in Demolitions zone.
1:11 of 1st period - Nicolas Blanchard is hit by Alex Killorn.
1:31 of 1st period - Snap shot by Ryan Bayda.
1:31 of 1st period - Stopped by Tyson Sexsmith with a rebound.
1:33 of 1st period - Slapshot by Robert Bortuzzo.
1:33 of 1st period - Stopped by Tyson Sexsmith with a rebound.
1:35 of 1st period - Backhand shot by Ryan Bayda.
1:35 of 1st period - Shot Misses the Net.
1:45 of 1st period - Seth Helgeson is hit by Iiro Pakarinen and loses puck.
1:50 of 1st period - Wrist shot by T.J Galiardi.
1:50 of 1st period - Stopped by Olivier Roy with a rebound.
1:52 of 1st period - Slapshot by Tim Erixon.
1:52 of 1st period - Shot Misses the Net.
1:54 of 1st period - Slapshot by Oskars Bartulis.
1:54 of 1st period - Stopped by Olivier Roy without a rebound.
1:55 of 1st period - Mark Scheifele wins face-off versus Nicolas Blanchard in Demolitions zone.
3:52 of 1st period - Brendon Nash is hit by Jeremy Morin and loses puck.
5:30 of 1st period - Dmitry Sinitsyn is hit by Brendon Nash and loses puck.
6:01 of 1st period - Slapshot by Darren Helm.
6:01 of 1st period - Shot Misses the Net.
6:33 of 1st period - Snap shot by Iiro Pakarinen.
6:33 of 1st period - Shot Blocked by Seth Helgeson.
6:49 of 1st period - Erik Condra is hit by Josh Andrerson and loses puck.
7:25 of 1st period - Darren Helm is hit by Oskars Bartulis.
7:29 of 1st period - Darren Helm is hit by Matt Corrente and loses puck.
7:34 of 1st period - Snap shot by Beau Bennett.
7:34 of 1st period - Shot Blocked by Darren Helm.
7:46 of 1st period - Snap shot by Alex Killorn.
7:46 of 1st period - Shot Misses the Net.
7:48 of 1st period - Snap shot by Oskars Bartulis.
7:48 of 1st period - Shot Misses the Net.
7:50 of 1st period - Slapshot by Oskars Bartulis.
7:50 of 1st period - Deflect By Darren Helm.
7:50 of 1st period - Stopped by Olivier Roy with a rebound.
7:52 of 1st period - Snap shot by Matt Corrente.
7:52 of 1st period - Influenza goal is going for a video replay.
7:52 of 1st period - The goal is refused. The goal has been scored and an ineligible player is on the ice..
7:53 of 1st period - Mark Scheifele wins face-off versus Nicolas Blanchard in Demolitions zone.
8:04 of 1st period - Slapshot by Alex Killorn.
8:04 of 1st period - Shot Blocked by Frazer Mclaren.
8:25 of 1st period - Wrist shot by Alex Killorn.
8:25 of 1st period - Stopped by Olivier Roy with a rebound.
8:46 of 1st period - Bobby Butler is hit by Jimmy Vesey and loses puck.
9:25 of 1st period - Lane MacDermid is hit by Mike Sauer and loses puck.
11:02 of 1st period - Wrist shot by T.J Galiardi.
11:02 of 1st period - Shot Misses the Net.
11:27 of 1st period - Darren Helm is hit by Lane MacDermid and loses puck.
11:48 of 1st period - Darren Helm is hit by Mark Scheifele and loses puck.
12:15 of 1st period - Snap shot by Ryan Russell.
12:15 of 1st period - Stopped by Tyson Sexsmith without a rebound.
12:16 of 1st period - Mark Scheifele wins face-off versus Vince Rocco in Influenza zone.
12:41 of 1st period - Seth Helgeson is hit by Mark Olver and loses puck.
13:06 of 1st period - Wrist shot by Jacob Josefson.
13:06 of 1st period - Goal by Jacob Josefson - Influenza : 1 - Demolitions : 0.
13:07 of 1st period - Darren Helm wins face-off versus Mark Scheifele in neutral zone.
13:16 of 1st period - Wrist shot by Darren Helm.
13:16 of 1st period - Shot Blocked by Paul Ladue.
13:32 of 1st period - Nicolas Blanchard is hit by Iiro Pakarinen and loses puck.
13:37 of 1st period - Slapshot by T.J Galiardi.
13:37 of 1st period - Stopped by Olivier Roy without a rebound.
13:38 of 1st period - Jordan Schroeder wins face-off versus Frazer Mclaren in Demolitions zone.
13:53 of 1st period - Slapshot by Brendon Nash.
13:53 of 1st period - Shot Blocked by Dmitry Sinitsyn.
13:59 of 1st period - Snap shot by Nicolas Blanchard.
13:59 of 1st period - Shot Misses the Net.
14:01 of 1st period - Slapshot by Frazer Mclaren.
14:01 of 1st period - Stopped by Tyson Sexsmith without a rebound.
14:02 of 1st period - Darren Helm wins face-off versus Mark Scheifele in Influenza zone.
14:13 of 1st period - Wrist shot by Ryan Bayda.
14:13 of 1st period - Stopped by Tyson Sexsmith with a rebound.
14:27 of 1st period - Paul Ladue is hit by Nicolas Blanchard and loses puck.
15:00 of 1st period - Wrist shot by Mathieu Carle.
15:00 of 1st period - Goal by Mathieu Carle - Influenza : 2 - Demolitions : 0.
15:01 of 1st period - Mark Scheifele wins face-off versus Darren Helm in neutral zone.
16:12 of 1st period - Slapshot by Matt Corrente.
16:12 of 1st period - Deflect By Jacob Josefson.
16:12 of 1st period - Stopped by Olivier Roy with a rebound.
16:28 of 1st period - Nicolas Blanchard is hit by Alex Killorn and loses puck.
16:51 of 1st period - Snap shot by Ryan Bayda.
16:51 of 1st period - Stopped by Tyson Sexsmith without a rebound.
16:52 of 1st period - Mark Olver wins face-off versus Vince Rocco in Influenza zone.
17:03 of 1st period - Mark Olver is hit by Brendon Nash and loses puck.
17:27 of 1st period - Wrist shot by Mark Scheifele.
17:27 of 1st period - Shot Blocked by Mike Sauer.
17:29 of 1st period - Snap shot by T.J Galiardi.
17:29 of 1st period - Stopped by Olivier Roy with a rebound.
17:31 of 1st period - Slapshot by Paul Ladue.
17:31 of 1st period - Stopped by Olivier Roy with a rebound.
17:33 of 1st period - Slapshot by Mathieu Carle.
17:33 of 1st period - Deflect By Brendon Nash.
17:33 of 1st period - Stopped by Olivier Roy without a rebound.
17:34 of 1st period - Darren Helm wins face-off versus Jordan Schroeder in Demolitions zone.
18:15 of 1st period - Slapshot by Andrew Campbell.
18:15 of 1st period - Stopped by Tyson Sexsmith without a rebound.
18:16 of 1st period - Vince Rocco wins face-off versus Mark Olver in Influenza zone.
18:23 of 1st period - Snap shot by Ryan Russell.
18:23 of 1st period - Shot Misses the Net.
18:28 of 1st period - Icing by Mathieu Carle.
18:29 of 1st period - Mark Olver wins face-off versus Darren Helm in Influenza zone.
19:14 of 1st period - Slapshot by Mark Olver.
19:14 of 1st period - Stopped by Olivier Roy with a rebound.
19:35 of 1st period - Snap shot by Corban Knight.
19:35 of 1st period - Stopped by Tyson Sexsmith with a rebound.
19:37 of 1st period - Wrist shot by Darren Helm.
19:37 of 1st period - Shot Blocked by Paul Ladue.
19:39 of 1st period - Slapshot by Seth Helgeson.
19:39 of 1st period - Stopped by Tyson Sexsmith with a rebound.
19:41 of 1st period - Snap shot by Frazer Mclaren.
19:41 of 1st period - Shot Blocked by Alex Killorn.
Goals for this period are 2 for Influenza vs 0 for Demolitions.
Shots for this period are 14 for Influenza vs 9 for Demolitions.
2nd period
0:01 of 2nd period - Alex Killorn wins face-off versus Darren Helm in neutral zone.
0:04 of 2nd period - Slapshot by Matt Corrente.
0:04 of 2nd period - Stopped by Olivier Roy without a rebound.
0:05 of 2nd period - Darren Helm wins face-off versus Mark Scheifele in Demolitions zone.
0:18 of 2nd period - Wrist shot by Ryan Bayda.
0:18 of 2nd period - Stopped by Tyson Sexsmith with a rebound.
0:35 of 2nd period - Nick Pryor is hit by Matt Corrente and loses puck.
1:12 of 2nd period - Slapshot by Darren Helm.
1:12 of 2nd period - Stopped by Tyson Sexsmith without a rebound.
1:13 of 2nd period - Corban Knight wins face-off versus Jordan Schroeder in Influenza zone.
2:06 of 2nd period - Snap shot by Ryan Bayda.
2:06 of 2nd period - Shot Misses the Net.
2:23 of 2nd period - Dmitry Sinitsyn is hit by Vince Rocco and loses puck.
2:27 of 2nd period - Icing by Mark Olver.
2:28 of 2nd period - Beau Bennett wins face-off versus Corban Knight in Influenza zone.
3:20 of 2nd period - Minor Penalty to Iiro Pakarinen for Roughing.
3:21 of 2nd period - Darren Helm wins face-off versus Mark Scheifele in Influenza zone.
3:24 of 2nd period - Snap shot by Ryan Bayda.
3:24 of 2nd period - Stopped by Tyson Sexsmith without a rebound.
3:25 of 2nd period - Mark Scheifele wins face-off versus Erik Condra in Influenza zone.
3:36 of 2nd period - Slapshot by Brendon Nash.
3:36 of 2nd period - Shot Misses the Net.
3:56 of 2nd period - Slapshot by Bobby Butler.
3:56 of 2nd period - Shot Blocked by Paul Ladue.
5:07 of 2nd period - Snap shot by Nicolas Blanchard.
5:07 of 2nd period - Deflect By Tim Erixon.
5:07 of 2nd period - Stopped by Tyson Sexsmith without a rebound.
5:08 of 2nd period - Jacob Josefson wins face-off versus Nicolas Blanchard in Influenza zone.
5:08 of 2nd period - Jacob Josefson is hit by Frazer Mclaren.
5:20 of 2nd period - Penalty to Iiro Pakarinen is over, Iiro Pakarinen is back on ice.
5:39 of 2nd period - Slapshot by Mark Scheifele.
5:39 of 2nd period - Stopped by Olivier Roy with a rebound.
6:55 of 2nd period - Corban Knight is hit by Mark Olver and loses puck.
8:45 of 2nd period - Icing by Erik Condra.
8:46 of 2nd period - Darren Helm wins face-off versus Mark Scheifele in Demolitions zone.
8:46 of 2nd period - Darren Helm is hit by Alex Killorn.
8:54 of 2nd period - Slapshot by Mark Scheifele.
8:54 of 2nd period - Stopped by Olivier Roy without a rebound.
8:55 of 2nd period - Nicolas Blanchard wins face-off versus Mark Scheifele in Demolitions zone.
8:55 of 2nd period - Nicolas Blanchard is hit by Alex Killorn.
9:20 of 2nd period - Erik Condra is hit by Paul Ladue and loses puck.
10:41 of 2nd period - Wrist shot by Jimmy Vesey.
10:41 of 2nd period - Stopped by Olivier Roy without a rebound.
10:42 of 2nd period - Mark Scheifele wins face-off versus Nicolas Blanchard in Demolitions zone.
10:57 of 2nd period - Snap shot by Jeremy Morin.
10:57 of 2nd period - Goal by Jeremy Morin - Influenza : 3 - Demolitions : 0.
10:58 of 2nd period - Mark Scheifele wins face-off versus Darren Helm in neutral zone.
11:03 of 2nd period - Snap shot by Brendon Nash.
11:03 of 2nd period - Shot Blocked by Paul Ladue.
11:05 of 2nd period - Slapshot by Darren Helm.
11:05 of 2nd period - Deflect By Ryan Bayda.
11:05 of 2nd period - Stopped by Tyson Sexsmith without a rebound.
11:06 of 2nd period - Mark Scheifele wins face-off versus Darren Helm in Influenza zone.
11:16 of 2nd period - Snap shot by Mark Scheifele.
11:16 of 2nd period - Stopped by Olivier Roy with a rebound.
11:24 of 2nd period - Slapshot by Ryan Bayda.
11:24 of 2nd period - Stopped by Tyson Sexsmith without a rebound.
11:25 of 2nd period - Nicolas Blanchard wins face-off versus Mark Olver in Influenza zone.
11:50 of 2nd period - Mike Sauer is hit by Mathieu Carle and loses puck.
11:54 of 2nd period - Icing by Brendon Nash.
11:55 of 2nd period - Darren Helm wins face-off versus Jordan Schroeder in Demolitions zone.
12:20 of 2nd period - Mike Sauer is hit by Mark Scheifele and loses puck.
12:40 of 2nd period - Off-side.
12:41 of 2nd period - Vince Rocco wins face-off versus Jacob Josefson in neutral zone.
13:11 of 2nd period - Slapshot by Seth Helgeson.
13:11 of 2nd period - Shot Blocked by Paul Ladue.
14:31 of 2nd period - Snap shot by Ryan Russell.
14:31 of 2nd period - Stopped by Tyson Sexsmith with a rebound.
14:39 of 2nd period - Slapshot by Tim Erixon.
14:39 of 2nd period - Deflect By Ryan Russell.
14:39 of 2nd period - Stopped by Olivier Roy without a rebound.
14:40 of 2nd period - Darren Helm wins face-off versus Mark Scheifele in Demolitions zone.
15:35 of 2nd period - Minor Penalty to Corban Knight for Hooking.
15:36 of 2nd period - Alex Killorn wins face-off versus Darren Helm in Demolitions zone.
15:36 of 2nd period - Wrist shot by Mark Scheifele.
15:36 of 2nd period - Shot Blocked by Mike Sauer.
15:38 of 2nd period - Snap shot by Jeremy Morin.
15:38 of 2nd period - Stopped by Olivier Roy with a rebound.
15:40 of 2nd period - Snap shot by Alex Killorn.
15:40 of 2nd period - Stopped by Olivier Roy with a rebound.
15:42 of 2nd period - Slapshot by Alex Killorn.
15:42 of 2nd period - Stopped by Olivier Roy with a rebound.
15:44 of 2nd period - Snap shot by Jeremy Morin.
15:44 of 2nd period - Shot Misses the Net.
15:46 of 2nd period - Snap shot by Mark Scheifele.
15:46 of 2nd period - Deflect By Alex Killorn.
15:46 of 2nd period - Goal by Alex Killorn - Influenza : 4 - Demolitions : 0.
15:47 of 2nd period - Darren Helm wins face-off versus Mark Scheifele in neutral zone.
16:00 of 2nd period - Slapshot by Mike Sauer.
16:00 of 2nd period - Stopped by Tyson Sexsmith with a rebound.
16:02 of 2nd period - Slapshot by Erik Condra.
16:02 of 2nd period - Shot Misses the Net.
16:19 of 2nd period - Slapshot by Brendon Nash.
16:19 of 2nd period - Stopped by Tyson Sexsmith without a rebound.
16:20 of 2nd period - Darren Helm wins face-off versus Mark Olver in Influenza zone.
16:27 of 2nd period - Snap shot by Erik Condra.
16:27 of 2nd period - Shot Blocked by Dmitry Sinitsyn.
16:46 of 2nd period - Minor Penalty to Matt Corrente for Tripping.
16:47 of 2nd period - Darren Helm wins face-off versus Mark Scheifele in Influenza zone.
16:48 of 2nd period - Wrist shot by Ryan Bayda.
16:48 of 2nd period - Shot Misses the Net.
17:02 of 2nd period - Snap shot by Mark Scheifele.
17:02 of 2nd period - Shot Misses the Net.
18:46 of 2nd period - Penalty to Matt Corrente is over, Matt Corrente is back on ice.
19:08 of 2nd period - Snap shot by Iiro Pakarinen.
19:08 of 2nd period - Shot Blocked by Billy Sweat.
19:10 of 2nd period - Slapshot by Matt Corrente.
19:10 of 2nd period - Deflect By Jordan Schroeder.
19:10 of 2nd period - Stopped by Olivier Roy with a rebound.
19:27 of 2nd period - Robert Bortuzzo is hit by Mark Olver and loses puck.
Goals for this period are 2 for Influenza vs 0 for Demolitions.
Shots for this period are 12 for Influenza vs 9 for Demolitions.
3rd period
0:01 of 3rd period - Jeremy Morin wins face-off versus Darren Helm in neutral zone.
0:26 of 3rd period - Beau Bennett is hit by Bobby Butler and loses puck.
0:35 of 3rd period - Slapshot by Bobby Butler.
0:35 of 3rd period - Stopped by Tyson Sexsmith with a rebound.
0:37 of 3rd period - Wrist shot by Frazer Mclaren.
0:37 of 3rd period - Shot Misses the Net.
1:43 of 3rd period - Wrist shot by Beau Bennett.
1:43 of 3rd period - Shot Blocked by Mike Sauer.
2:07 of 3rd period - Snap shot by T.J Galiardi.
2:07 of 3rd period - Stopped by Olivier Roy without a rebound.
2:08 of 3rd period - Bobby Butler wins face-off versus Mark Scheifele in Demolitions zone.
2:25 of 3rd period - Oskars Bartulis is hit by Erik Condra.
2:44 of 3rd period - Wrist shot by Jimmy Vesey.
2:44 of 3rd period - Stopped by Olivier Roy with a rebound.
3:10 of 3rd period - Snap shot by Lane MacDermid.
3:10 of 3rd period - Stopped by Olivier Roy with a rebound.
3:12 of 3rd period - Wrist shot by Paul Ladue.
3:12 of 3rd period - Stopped by Olivier Roy without a rebound.
3:13 of 3rd period - Darren Helm wins face-off versus Jacob Josefson in Demolitions zone.
3:13 of 3rd period - Darren Helm is hit by Josh Andrerson.
3:19 of 3rd period - Snap shot by Mike Sauer.
3:19 of 3rd period - Stopped by Tyson Sexsmith with a rebound.
3:28 of 3rd period - Off-side.
3:29 of 3rd period - Frazer Mclaren wins face-off versus Mark Scheifele in neutral zone.
3:38 of 3rd period - Wrist shot by Nicolas Blanchard.
3:38 of 3rd period - Shot Misses the Net.
3:40 of 3rd period - Wrist shot by Nicolas Blanchard.
3:40 of 3rd period - Goal by Nicolas Blanchard - Influenza : 4 - Demolitions : 1.
3:41 of 3rd period - Darren Helm wins face-off versus Jeremy Morin in neutral zone.
3:49 of 3rd period - Slapshot by Paul Ladue.
3:49 of 3rd period - Stopped by Olivier Roy with a rebound.
4:07 of 3rd period - Jimmy Vesey is hit by Bobby Butler and loses puck.
4:16 of 3rd period - Bobby Butler is hit by Jimmy Vesey and loses puck.
4:29 of 3rd period - Snap shot by Ryan Bayda.
4:29 of 3rd period - Shot Blocked by Matt Corrente.
4:31 of 3rd period - Slapshot by Brendon Nash.
4:31 of 3rd period - Shot Blocked by Dmitry Sinitsyn.
4:33 of 3rd period - Slapshot by Brendon Nash.
4:33 of 3rd period - Stopped by Tyson Sexsmith with a rebound.
4:35 of 3rd period - Slapshot by Ryan Bayda.
4:35 of 3rd period - Shot Misses the Net.
5:41 of 3rd period - Mathieu Carle is hit by Vince Rocco and loses puck.
6:02 of 3rd period - Slapshot by Beau Bennett.
6:02 of 3rd period - Shot Blocked by Darren Helm.
7:01 of 3rd period - Minor Penalty to Frazer Mclaren for Holding.
7:02 of 3rd period - Mark Scheifele wins face-off versus Darren Helm in Demolitions zone.
7:18 of 3rd period - Wrist shot by Alex Killorn.
7:18 of 3rd period - Stopped by Olivier Roy with a rebound.
7:28 of 3rd period - Darren Helm is hit by T.J Galiardi.
7:34 of 3rd period - Snap shot by Beau Bennett.
7:34 of 3rd period - Shot Misses the Net.
8:49 of 3rd period - Beau Bennett is hit by Mike Sauer and loses puck.
9:01 of 3rd period - Penalty to Frazer Mclaren is over, Frazer Mclaren is back on ice.
9:03 of 3rd period - Icing by Corban Knight.
9:04 of 3rd period - Nicolas Blanchard wins face-off versus Mark Scheifele in Demolitions zone.
9:21 of 3rd period - Jacob Josefson is hit by Robert Bortuzzo and loses puck.
9:39 of 3rd period - Wrist shot by Jacob Josefson.
9:39 of 3rd period - Shot Blocked by Robert Bortuzzo.
9:41 of 3rd period - Slapshot by Josh Andrerson.
9:41 of 3rd period - Stopped by Olivier Roy without a rebound.
9:42 of 3rd period - Mark Scheifele wins face-off versus Corban Knight in Demolitions zone.
10:12 of 3rd period - Backhand shot by Ryan Russell.
10:12 of 3rd period - Stopped by Tyson Sexsmith with a rebound.
10:37 of 3rd period - Icing by Dmitry Sinitsyn.
10:38 of 3rd period - Darren Helm wins face-off versus Mark Scheifele in Influenza zone.
11:14 of 3rd period - Beau Bennett is hit by Mike Sauer and loses puck.
11:53 of 3rd period - Tim Erixon is hit by Ryan Bayda and loses puck.
13:43 of 3rd period - Billy Sweat is hit by Mark Olver and loses puck.
14:16 of 3rd period - Slapshot by Oskars Bartulis.
14:16 of 3rd period - Shot Blocked by Andrew Campbell.
14:18 of 3rd period - Slapshot by Oskars Bartulis.
14:18 of 3rd period - Deflect By Mark Scheifele.
14:18 of 3rd period - Shot Misses the Net.
14:18 of 3rd period - Puck is out of play.
14:19 of 3rd period - Darren Helm wins face-off versus Mark Scheifele in Demolitions zone.
14:19 of 3rd period - Darren Helm is hit by Tim Erixon.
14:25 of 3rd period - Mike Sauer is hit by Jeremy Morin and loses puck.
14:44 of 3rd period - Mark Olver is hit by Ryan Russell and loses puck.
15:05 of 3rd period - Snap shot by Lane MacDermid.
15:05 of 3rd period - Shot Misses the Net.
15:25 of 3rd period - Darren Helm is hit by Iiro Pakarinen and loses puck.
15:50 of 3rd period - Wrist shot by Mark Scheifele.
15:50 of 3rd period - Stopped by Olivier Roy with a rebound.
15:52 of 3rd period - Slapshot by Mathieu Carle.
15:52 of 3rd period - Stopped by Olivier Roy without a rebound.
15:53 of 3rd period - Mark Scheifele wins face-off versus Nicolas Blanchard in Demolitions zone.
16:00 of 3rd period - Slapshot by Mark Scheifele.
16:00 of 3rd period - Shot Misses the Net.
16:21 of 3rd period - Slapshot by Mathieu Carle.
16:21 of 3rd period - Stopped by Olivier Roy with a rebound.
16:25 of 3rd period - Snap shot by Beau Bennett.
16:25 of 3rd period - Shot Misses the Net.
16:27 of 3rd period - Wrist shot by Jimmy Vesey.
16:27 of 3rd period - Stopped by Olivier Roy without a rebound.
16:28 of 3rd period - Nicolas Blanchard wins face-off versus Mark Olver in Demolitions zone.
16:37 of 3rd period - Snap shot by Bobby Butler.
16:37 of 3rd period - Shot Blocked by Dmitry Sinitsyn.
17:13 of 3rd period - Off-side.
17:14 of 3rd period - Nicolas Blanchard wins face-off versus Jacob Josefson in neutral zone.
17:19 of 3rd period - Wrist shot by Bobby Butler.
17:19 of 3rd period - Stopped by Tyson Sexsmith without a rebound.
17:20 of 3rd period - Darren Helm wins face-off versus Lane MacDermid in Influenza zone.
17:31 of 3rd period - Snap shot by Erik Condra.
17:31 of 3rd period - Stopped by Tyson Sexsmith with a rebound.
17:33 of 3rd period - Wrist shot by Mike Sauer.
17:33 of 3rd period - Shot Blocked by Lane MacDermid.
17:35 of 3rd period - Slapshot by Darren Helm.
17:35 of 3rd period - Shot Blocked by Jacob Josefson.
17:45 of 3rd period - Slapshot by Mathieu Carle.
17:45 of 3rd period - Shot Blocked by Mike Sauer.
17:53 of 3rd period - Slapshot by Brendon Nash.
17:53 of 3rd period - Stopped by Tyson Sexsmith with a rebound.
17:55 of 3rd period - Snap shot by Nicolas Blanchard.
17:55 of 3rd period - Shot Blocked by Mathieu Carle.
18:25 of 3rd period - Mathieu Carle is hit by Seth Helgeson and loses puck.
18:28 of 3rd period - Wrist shot by T.J Galiardi.
18:28 of 3rd period - Stopped by Olivier Roy with a rebound.
18:30 of 3rd period - Wrist shot by T.J Galiardi.
18:30 of 3rd period - Shot Misses the Net.
18:58 of 3rd period - Taylor Aronson is hit by Matt Corrente and loses puck.
19:07 of 3rd period - Snap shot by Mark Scheifele.
19:07 of 3rd period - Shot Misses the Net.
Goals for this period are 0 for Influenza vs 1 for Demolitions.
Shots for this period are 12 for Influenza vs 8 for Demolitions.
Back to the Top